 Dungeon Crawl Stone Soup version 0.17-a0-1103-ga40c899 (webtiles) character file.

155 SeriousVlad the Magician (level 5, 0/43 HPs)
             Began as a Deep Elf Wizard on May 21, 2015.
             Was an Initiate of Sif Muna.
             Slain by a worker ant (3 damage)
             ... on level 4 of the Dungeon.
             The game lasted 00:29:27 (3306 turns).

SeriousVlad the Magician (Deep Elf Wizard)          Turns: 3306, Time: 00:29:27

Health: 0/43       AC:  5    Str:  9    XL:     5   Next: 14%
Magic:  1/15       EV: 12    Int: 24    God:    Sif Muna [......]
Gold:   152        SH:  3    Dex: 13    Spells: 5 memorised, 5 levels left

rFire  . . .     SeeInvis +     (no weapon)
rCold  . . .     Clarity  .     a - +0 robe
rNeg   . . .     SustAb   .     i - +0 buckler
rPois  .         Gourm    .     b - +0 hat
rElec  .         Spirit   .     o - +2 cloak
rCorr  .         Warding  .     (no gloves)
rMut   .         Stasis   .     (no boots)
MR     .....                    (no amulet)
Stlth  ..........               p - ring of flight
                                j - ring of see invisible

@: berserking, lethally poisoned (0 -> -13), very quick, not resistant to
hostile enchantments, extremely unstealthy
A: no striking features
a: Renounce Religion, Evoke Flight


You were on level 4 of the Dungeon.
You worshipped Sif Muna.
Sif Muna was noncommittal.
You were not hungry.

You visited 2 branches of the dungeon, and saw 5 of its levels.

You collected 152 gold pieces.

Inventory:

Hand weapons
 l - a +1 dagger of speed
Armour
 a - a +0 robe (worn)
 b - a +0 hat (worn)
 i - a +0 buckler (worn)
 o - a +2 cloak (worn)
Jewellery
 j - a ring of see invisible (left hand)
 p - a ring of flight (right hand)
Scrolls
 e - a scroll of fog {unknown}
 f - a scroll of enchant weapon {unknown}
 h - 3 scrolls of teleportation {unknown}
 k - 2 scrolls of remove curse {unknown}
 r - a scroll of fear {unknown}
 s - a scroll of magic mapping {unknown}
 t - a scroll of recharging {unknown}
Books
 c - a book of Minor Magic

   Spells                             Type                      Level
   a - Magic Dart                     Conjuration                  1
   b - Blink                          Translocation                2
   c - Call Imp                       Summoning                    2
   d - Repel Missiles                 Charms/Air                   2
   e - Slow                           Hexes                        2
   f - Conjure Flame                  Conjuration/Fire             3
   g - Mephitic Cloud                 Conjuration/Poison/Air       3
 m - a book of Conjurations

   Spells                             Type                      Level
   a - Magic Dart                     Conjuration                  1
   b - Searing Ray                    Conjuration                  2
   c - Dazzling Spray                 Conjuration/Hexes            3
   d - Fulminant Prism                Conjuration/Hexes            4
   e - Iskenderun's Mystic Blast      Conjuration                  4
   f - Iskenderun's Battlesphere      Conjuration/Charms           5
Miscellaneous
 w - a plain deck of wonders {drawn: 1}
Comestibles
 d - 6 bread rations
 g - a meat ration
 q - a beef jerky


   Skills:
 + Level 1.5 Fighting
 - Level 0.2 Short Blades
 - Level 2.6 Dodging
 - Level 2.5 Stealth
 * Level 6.0 Spellcasting
 * Level 3.2 Conjurations
 - Level 1.1 Summonings
 - Level 1.1 Translocations


You had 5 spell levels left.
You knew the following spells:

 Your Spells              Type           Power        Failure   Level  Hunger
a - Magic Dart            Conj           ###.         4%          1    None
b - Blink                 Tloc           N/A          14%         2    None
c - Call Imp              Summ           ##......     14%         2    None
d - Conjure Flame         Conj/Fire      ###.....     21%         3    #......
e - Mephitic Cloud        Conj/Pois/Air  ##......     28%         3    #......


Dungeon Overview and Level Annotations

Branches:
Dungeon (4/15)             Temple (1/1) D:4

Altars:
Ashenzari
Cheibriados
Dithmenos
Elyvilon
Fedhas
Gozag
Kikubaaqudgha
Nemelex Xobeh
Qazlal
Ru
Sif Muna
Vehumet
The Shining One


Message History

The worker ant is severely wounded.
You feel sick.
The worker ant bites you but does no damage.
You hit the worker ant but do no damage.
The worker ant is severely wounded.
The worker ant bites you. x2
* * * LOW HITPOINT WARNING * * *
Drink which item? (? for menu, Esc to quit)
It was a potion of berserk rage.
A red film seems to cover your vision as you go berserk!
You feel yourself moving faster!
You feel mighty!
You feel sick. The worker ant bites you.
* * * LOW HITPOINT WARNING * * *
You are more poisoned.
The worker ant poisons you!
You barely miss the worker ant.
The worker ant is severely wounded.
* * * LOW HITPOINT WARNING * * *
You feel sick. The worker ant bites you.
You die...

#...### ###
###.
###<..###
#.. ...
####..## #..
...
##..#####..
#.)
##........#
#..#
##..#####...
##... ##..##
#..# #...a##
##.### #...
#@###>##
#... #.....#
#... ##...##
#... #...#
#### #....#
####).# ####


You could see a worker ant.

Vanquished Creatures
  A naga (D:3)
  An orc wizard (D:3)
  A worker ant (D:4)
  A gnoll (D:1)
  2 adders
  An ooze (D:2)
  A worm (D:3)
  A giant gecko (D:1)
  4 orcs (D:3)
  2 ball pythons (D:1)
  5 giant cockroaches
  4 hobgoblins
  6 jackals (D:3)
  2 quokkas
  11 bats
  5 giant newts
  9 goblins
  11 kobolds
  3 rats
71 creatures vanquished.

Vanquished Creatures (collateral kills)
  A goblin (D:1)
  A rat (D:1)
2 creatures vanquished.

Vanquished Creatures (others)
  A shadow imp (D:1)
1 creature vanquished.

Grand Total: 74 creatures vanquished

Notes
Turn   | Place    | Note
--------------------------------------------------------------
     0 | D:1      | SeriousVlad the Deep Elf Wizard began the quest for the Orb.
     0 | D:1      | Reached XP level 1. HP: 10/10 MP: 7/7
   344 | D:1      | Reached XP level 2. HP: 13/15 MP: 7/9
   348 | D:1      | Learned a level 2 spell: Blink
   351 | D:1      | Learned a level 2 spell: Call Imp
   727 | D:1      | Reached skill level 5 in Spellcasting
  1442 | D:1      | Reached XP level 3. HP: 19/19 MP: 11/11
  1447 | D:1      | Learned a level 3 spell: Conjure Flame
  1451 | D:1      | Learned a level 3 spell: Mephitic Cloud
  1776 | D:2      | Reached skill level 1 in Fighting
  2199 | D:3      | Reached XP level 4. HP: 25/25 MP: 1/13
  2402 | D:3      | Found an opulent altar of Gozag.
  2500 | D:3      | Found a sparkling altar of Nemelex Xobeh.
  2510 | D:3      | Noticed Tyveme
  2592 | D:3      | HP: 1/25 [poisoned by Tyveme (splash of poison)]
  2619 | D:3      | HP: 1/25 [Tyveme the naga/long sword of holy wrath[the player character] (8)]
  2989 | D:3      | Killed Tyveme the naga
  3119 | D:4      | Found a staircase to the Ecumenical Temple.
  3125 | Temple   | Entered the Ecumenical Temple
  3159 | Temple   | Became a worshipper of Sif Muna the Loreminder
  3286 | D:4      | Reached skill level 6 in Spellcasting
  3286 | D:4      | Reached XP level 5. HP: 29/29 MP: 8/15
  3306 | D:4      | Slain by a worker ant

Vault maps used:
D:1:      lightli_molten_gateway, bh_walls_and_bars
D:2:      first_bread, hangedman_decor_clover_reticule
D:3:      lemuel_upstairs_altar, lemuel_crystal_altar, nemelex_deck
D:4:      minmay_temple_entry_grid
Temple:   temple_eino_lava_12

Action                   |  1- 3 |  4- 6 || total
-------------------------+-------+-------++-------
Melee: Club              |    12 |       ||    12
       Dagger            |    83 |    60 ||   143
       Unarmed           |       |     5 ||     5
 Cast: Magic Dart        |    76 |    65 ||   141
       Call Imp          |     5 |       ||     5
       Blink             |     2 |     1 ||     3
       Conjure Flame     |     2 |     4 ||     6
       Mephitic Cloud    |       |     1 ||     1
Evoke: Deck              |       |     1 ||     1
  Use: Potion            |       |     6 ||     6
 Stab: Sleeping          |     1 |     1 ||     2
  Eat: Chunk             |     4 |     4 ||     8
